 Dungeon Crawl Stone Soup version 0.25.0-46-gbd7b0854d2 (webtiles) character file.

Game seed: 4678492262134212626

19 Descartes the Grasshopper (level 2, -1/13 HPs)
             Began as a Felid Warper on July 14, 2020.
             Slain by a quokka (5 damage)
             ... on level 2 of the Dungeon.
             The game lasted 00:02:26 (1654 turns).

Descartes the Grasshopper (Felid Warper)            Turns: 1654, Time: 00:02:26

Health: -1/13      AC:  1    Str:  7    XL:     2   Next: 55%
Magic:  6/6        EV: 18    Int: 14    God:
Gold:   61         SH:  0    Dex: 15    Spells: 1/5 levels left
                                        Lives:  0   Deaths: 0

rFire    . . .     SeeInvis +     - Unarmed
rCold    . . .     Gourm    .   (shield unavailable)
rNeg     . . .     Faith    .   (armour unavailable)
rPois    .         Spirit   .   (helmet unavailable)
rElec    .         Reflect  .   (cloak unavailable)
rCorr    .         Harm     .   (gloves unavailable)
MR       .....                  (boots unavailable)
Stlth    +++.......             (no amulet)
HPRegen  0.04/turn              (no ring)
MPRegen  0.10/turn              (no ring)

@: quick
A: very small, no armour, no weapons or thrown items, stealth, claws 1, fangs 3,
see invisible, carnivore, speed 1, shaggy fur 1, slow metabolism 1, sharp paws
a: no special abilities


You were on level 2 of the Dungeon.
You were very full.

You visited 1 branch of the dungeon, and saw 2 of its levels.

You collected 61 gold pieces.

Inventory:

Missiles
 i - 40 stones
Scrolls
 b - a scroll of blinking
 e - a scroll of identify {unknown}
 g - a scroll of teleportation {unknown}
 j - a scroll of enchant armour {unknown}
 k - a scroll of noise {unknown}
Potions
 a - a potion of brilliance {unknown}
 d - a potion of might {unknown}
 f - a potion of curing {unknown}
 h - a potion of degeneration {unknown}
 l - 2 potions of heal wounds {unknown}
Comestibles
 c - a ration


   Skills:
 - Level 2.0 Fighting
 - Level 3.2 Dodging
 + Level 3.4 Stealth
 - Level 2.0 Unarmed Combat
 - Level 2.0 Spellcasting
 - Level 4.4 Translocations


You had one spell level left.
You knew the following spells:

 Your Spells              Type           Power        Failure   Level  Hunger
a - Blink                 Tloc           N/A          6%          2    ###....
b - Shroud of Golubria    Chrm/Tloc      #.....       14%         2    ###....

Your spell library contained the following spells:

 Spells                   Type           Power        Failure   Level  Hunger
 Gell's Gravitas          Tloc           ##........   12%         3    ####...
 Lesser Beckoning         Tloc           ##........   12%         3    ####...
 Teleport Other           Tloc           ##......     12%         3    ####...
 Passage of Golubria      Tloc           N/A          36%         4    #####..


Dungeon Overview and Level Annotations

Branches:
Dungeon (2/15)

Altars:


Innate Abilities, Weirdness & Mutations

You cannot wear armour.
You are incapable of wielding weapons or throwing items.
Your paws allow you to move quietly. (Stealth)
You have sharp claws.
You have razor-sharp teeth.
You have supernaturally acute eyesight. (SInv)
You are carnivorous and can eat meat at any time.
You cover ground quickly.
You are covered in fur. (AC +1)
You have a slow metabolism.
Your sharp claws are effective at attacking unaware monsters.


Message History

The quokka closely misses you.
You scratch the quokka.
The quokka is lightly wounded.
The quokka misses you.
You closely miss the quokka.
The quokka is lightly wounded.
The quokka closely misses you.
You scratch the quokka but do no damage.
The quokka is lightly wounded.
The quokka bites you.
You closely miss the quokka.
The quokka is lightly wounded.
The quokka bites you.
You are too injured to fight recklessly!
You are too injured to fight recklessly!
You are too injured to fight recklessly!
You scratch the quokka.
The quokka is almost dead.
The quokka bites you.
You die...

... ..## .... ...
....##### ..#
........# (.#
........# ..#####
........####.......
.......<...........
###.#######........
#@.####.. #r.# #..#
...# ##.# .. .. ..#


You could see a quokka.

Vanquished Creatures
  2 dart slugs (D:1)
  2 bats (D:1)
  2 goblins (D:1)
  5 hobgoblins (D:1)
  2 kobolds (D:1)
13 creatures vanquished.

Notes
Turn   | Place    | Note
-------+----------+-------------------------------------------
     0 | D:1      | Descartes the Felid Warper began the quest for the Orb.
     0 | D:1      | Reached XP level 1. HP: 9/9 MP: 4/4
   106 | D:1      | Reached skill level 1 in Stealth
   432 | D:1      | Reached XP level 2. HP: 13/13 MP: 6/6
  1219 | D:1      | Learned a level 2 spell: Blink
  1222 | D:1      | Learned a level 2 spell: Shroud of Golubria
  1654 | D:2      | Slain by a quokka

Illustrated notes

Levels and vault maps discovered:
D:1:      dpeg_arrival_fog, layout_rooms, minmay_misc_feat_plants,
          hangedman_decor_points
D:2:      layout_basic, kennysheep_generic_room_5

Skill      XL: |  1  2 |
---------------+-------+-----
Stealth        | 2 3 |  3.4
Fighting       | |  2.0
Dodging        | |  3.2
Unarmed Combat | |  2.0
Spellcasting   | |  2.0
Translocations | |  4.4

Action                   || total
-------------------------++-------
Melee: Unarmed           ||    67
       Punch             ||     1
       Bite              ||     1
 Stab: Sleeping          ||     2
  Eat: Chunk             ||     8
Armor: Skin              ||     4
Dodge: Dodged            ||    63
